 Dungeon Crawl Stone Soup version 0.31.0-12-g77e489cdc1 (webtiles) character file.

Game seed: 10940274018947045420

1189 Senryu the Chopper (level 8, -2/67 HPs)
             Began as a Gnoll Chaos Knight on Feb 26, 2024.
             Was a Plaything of Xom.
             Slain by a gnoll sergeant
             ... wielding a +0 trident
              (9 damage)
             ... on level 6 of the Dungeon on Feb 27, 2024.
             The game lasted 00:14:24 (3687 turns).

Senryu the Chopper (Gnoll Chaos Knight)             Turns: 3687, Time: 00:14:25

Health: -2/67      AC:  8    Str: 10    XL:     8   Next: 43%
Magic:  19/22      EV: 12    Int: 17    God:    Xom [......]
Gold:   232        SH:  0    Dex: 12    Spells: 9/13 levels left

rFire   . . .        o - +2 war axe (elec)
rCold   . . .        (no shield)
rNeg    . . .        b - +3 leather armour
rPois   .            (no helmet)
rElec   .            (no cloak)
rCorr   .            k - +2 pair of gloves
SInv    +            (no boots)
Will    .....        (no amulet)
Stlth   ++           h - ring of magical power
HPRegen 0.31/turn    (no ring)
MPRegen 0.18/turn

%: no passive effects
@: inugami summoned
A: fangs 1, strong nose, distributed training, see invisible, clever 1, deformed
body
a: Renounce Religion


You were on level 6 of the Dungeon.
You worshipped Xom.
You were a very special plaything of Xom.
You visited 1 branch of the dungeon, and saw 6 of its levels.

You collected 232 gold pieces.

Inventory:

Hand Weapons
 a - a +0 hand axe of chaos
 o - a +2 war axe of electrocution (weapon)
Armour
 b - a +3 leather armour (worn)
 k - a +2 pair of gloves (worn)
Jewellery
 h - a ring of magical power (left hand)
 i - a ring of positive energy
 r - an amulet of guardian spirit
Wands
 m - a wand of flame (20)
Scrolls
 c - a scroll of butterflies
 e - 4 scrolls of teleportation
Potions
 d - 2 potions of curing
 f - 2 potions of attraction
 g - 2 potions of berserk rage
 j - a potion of haste {unknown}
 l - a potion of cancellation
 p - a potion of degeneration {unknown}
 q - a potion of ambrosia {unknown}


   Skills:
 + Level 7.4 Fighting
 + Level 3.4 Short Blades
 + Level 3.4 Long Blades
 + Level 7.4 Axes
 + Level 3.4 Maces & Flails
 + Level 3.4 Polearms
 + Level 3.4 Staves
 + Level 3.4 Ranged Weapons
 + Level 3.4 Throwing
 + Level 5.7 Armour
 + Level 4.3 Dodging
 + Level 3.4 Stealth
 + Level 3.4 Shields
 + Level 3.4 Unarmed Combat
 + Level 3.4 Spellcasting
 + Level 2.7 Conjurations
 + Level 2.7 Hexes
 + Level 2.7 Summonings
 + Level 2.7 Necromancy
 + Level 2.7 Translocations
 + Level 2.7 Fire Magic
 + Level 2.7 Ice Magic
 + Level 2.7 Air Magic
 + Level 2.7 Earth Magic
 + Level 2.7 Alchemy
 + Level 3.7 Invocations
 + Level 3.4 Evocations
 + Level 3.1 Shapeshifting


You had 9 spell levels left.
You knew the following spells:

 Your Spells              Type           Power      Damage    Failure   Level
a - Foxfire               Conj/Fire      48%        2x1d6     7%          1
b - Call Canine Familiar  Summ           12%        N/A       21%         3

Your spell library contained the following spells:

 Spells                   Type           Power      Damage    Failure   Level
 Summon Small Mammal      Summ           48%        N/A       7%          1
 Summon Blazeheart Golem  Fire/Summ      12%        N/A       56%         4
 Plasma Beam              Fire/Air       6%         2x1d16    100%        6
 Starburst                Conj/Fire      6%         6d4       100%        6


Dungeon Overview and Level Annotations

Branches:
Dungeon (6/15)
 Temple: D:4-7

Altars:
Hepliaklqana
Ru
Uskayaw
Wu Jian

Shops:
D:3 =   D:5 :


Innate Abilities, Weirdness & Mutations

You have very sharp teeth.
Your uncanny sense of smell can sniff out nearby items.
Your experience applies equally to all skills.
You have supernaturally acute eyesight. (SInv)
Your mind is acute. (Int +4, Str/Dex -1)
Armour fits poorly on your strangely shaped body.


Message History

A gnoll sergeant comes into view. It is wielding a +0 trident.
A gnoll comes into view. It is wielding a +0 falchion.
Things that are here:
a +0 mace; a gnoll corpse
Found a spear.
Things that are here:
a +0 mace; a gnoll corpse The gnoll sergeant shouts!
A gnoll comes into view. It is wielding a +0 flail.
Xom's power touches on a nearby monster.
The gnoll sergeant seems to grow stronger.
The gnoll sergeant barely misses you.
The gnoll sergeant hits you with a +0 trident!
You emit a cloud of colourful smoke!
The gnoll barely misses you.
You barely miss the gnoll.
You hit the gnoll sergeant but do no damage.
Lightning courses through the gnoll sergeant!
The gnoll sergeant hits you with a +0 trident!
The gnoll closely misses you.
You feel better.
The gnoll sergeant hits you with a +0 trident.
The gnoll hits you with a +0 falchion.
* * * LOW HITPOINT WARNING * * *
You hit the gnoll. Lightning courses through the gnoll!
You kill the gnoll!
You hit the gnoll but do no damage.
You hit the gnoll sergeant but do no damage.
The gnoll sergeant hits you with a +0 trident.
* * * LOW HITPOINT WARNING * * *
The gnoll barely misses you.
Casting: Foxfire (safe; 7% risk of failure)
Confirm with . or Enter, or press ? or * to list all spells.
You call for your canine familiar and it appears with a howl!
The gnoll sergeant hits you with a +0 trident!
* * * LOW HITPOINT WARNING * * *
The gnoll closely misses you.
A white imp comes into view.
The gnoll sergeant hits you from afar with a +0 trident!
You die...

##.#.>.....######## .#.
##...#............###...
..........##......).....
...####...#.........###..
..............).........
#####.....#.........##..
##.....####.....§§g.##...
...##.# ##....h§§§......
.. ... .......@§g##....
#>..# #...........# ...
... ...#.........# .. ..
####.........#
...).......# 5...........
.............
..............


You could see a gnoll sergeant (strong, ally target), a gnoll, a white imp and a
friendly inugami (summoned).

Vanquished Creatures
  Sigmund (D:3)
  A water moccasin (D:6)
  An ice beast (D:5)
  An ogre (D:5)
  A bullfrog (D:5)
  A scorpion (D:5)
  2 jellies (D:5)
  A howler monkey (D:4)
  2 bombardier beetles
  2 orc priests (D:3)
  2 iguanas
  2 gnolls (D:6)
  12 adders
  4 dart slugs
  3 ribbon worms
  12 orcs
  21 ball pythons
  13 endoplasms
  4 giant cockroaches
  9 goblins
  6 hobgoblins
  7 kobolds
  2 quokkas
  11 bats
  2 frilled lizards (D:1)
  3 rats
126 creatures vanquished.

Vanquished Creatures (collateral kills)
  An ogre (D:4)
  A hobgoblin (D:4)
2 creatures vanquished.

Vanquished Creatures (others)
  A bat zombie (D:1)
  7 foxfires
8 creatures vanquished.

Grand Total: 136 creatures vanquished

Notes
Turn   | Place    | Note
-------+----------+-------------------------------------------
     0 | D:1      | Senryu the Gnoll Chaos Knight began the quest for the Orb.
     0 | D:1      | Reached XP level 1. HP: 23/23 MP: 1/1
   167 | D:1      | Reached XP level 2. HP: 29/29 MP: 2/2
   192 | D:1      | XOM: potion effect (might)
   198 | D:1      | XOM: silly message
   200 | D:1      | Reached XP level 3. HP: 28/35 MP: 3/3
   309 | D:1      | Reached skill level 1 in Invocations
   508 | D:1      | Learned a level 1 spell: Foxfire
   600 | D:2      | Reached skill level 1 in Short Blades
   600 | D:2      | Reached skill level 1 in Long Blades
   600 | D:2      | Reached skill level 1 in Maces & Flails
   600 | D:2      | Reached skill level 1 in Polearms
   600 | D:2      | Reached skill level 1 in Staves
   600 | D:2      | Reached skill level 1 in Ranged Weapons
   600 | D:2      | Reached skill level 1 in Throwing
   600 | D:2      | Reached skill level 1 in Stealth
   600 | D:2      | Reached skill level 1 in Shields
   600 | D:2      | Reached skill level 1 in Unarmed Combat
   600 | D:2      | Reached skill level 1 in Spellcasting
   600 | D:2      | Reached skill level 1 in Evocations
   685 | D:2      | Reached skill level 1 in Shapeshifting
   685 | D:2      | Reached XP level 4. HP: 41/41 MP: 5/5
   721 | D:2      | XOM: chaos upgrade
   799 | D:2      | Found an ornate altar of the Wu Jian Council.
   834 | D:2      | XOM: noise
   888 | D:2      | XOM: confuse monster(s)
   979 | D:2      | Reached skill level 1 in Conjurations
   979 | D:2      | Reached skill level 1 in Hexes
   979 | D:2      | Reached skill level 1 in Summonings
   979 | D:2      | Reached skill level 1 in Necromancy
   979 | D:2      | Reached skill level 1 in Translocations
   979 | D:2      | Reached skill level 1 in Fire Magic
   979 | D:2      | Reached skill level 1 in Ice Magic
   979 | D:2      | Reached skill level 1 in Air Magic
   979 | D:2      | Reached skill level 1 in Earth Magic
   979 | D:2      | Reached skill level 1 in Alchemy
  1246 | D:3      | Found a hide-covered altar of Uskayaw.
  1336 | D:3      | Noticed Sigmund
  1337 | D:3      | XOM: silly message
  1341 | D:3      | Reached XP level 5. HP: 40/47 MP: 7/7
  1345 | D:3      | XOM: chaos upgrade
  1359 | D:3      | Killed Sigmund
  1359 | D:3      | XOM: give mutations
  1359 | D:3      | Gained mutation: You have supernaturally acute eyesight.
                  | (SInv) [Xom's mischief]
  1359 | D:3      | Gained mutation: Your mind is acute. (Int +4, Str/Dex -1)
                  | [Xom's mischief]
  1359 | D:3      | Gained mutation: Armour fits poorly on your strangely
                  | shaped body. [Xom's mischief]
  1360 | D:3      | Reached skill level 5 in Armour
  1360 | D:3      | Reached XP level 6. HP: 31/53 MP: 9/9
  1368 | D:3      | XOM: swap monsters
  1387 | D:3      | XOM: 5-stop teleportation journey
  1449 | D:3      | XOM: divination: detect items
  1559 | D:3      | Found a sacrificial altar of Ru.
  1773 | D:3      | XOM: silly message
  1839 | D:3      | Found Gucoagug's One-of-a-Kind Rings.
  2045 | D:4      | XOM: summons 6 friendly demons
  2048 | D:4      | Reached XP level 7. HP: 32/60 MP: 10/10
  2079 | D:4      | Learned a level 3 spell: Call Canine Familiar
  2166 | D:4      | Identified the +11 mace of Exquisite Torment {venom, Int+5}
  2738 | D:5      | Entered Level 5 of the Dungeon
  2961 | D:5      | Found a hazy altar of Hepliaklqana.
  2964 | D:5      | XOM: 1-stop teleportation journey
  2997 | D:5      | XOM: stat loss: -1 Int (16/17)
  3151 | D:5      | XOM: summons 4 hostile demons
  3262 | D:5      | Reached XP level 8. HP: 59/67 MP: 12/12
  3386 | D:5      | XOM: enchant monster (bad)
  3504 | D:5      | Found Akhu's Book Shoppe.
  3512 | D:5      | XOM: torment (35/67 hp)
  3625 | D:6      | XOM: noise
  3661 | D:6      | XOM: 4-stop teleportation journey
  3680 | D:6      | XOM: enchant monster (bad)
  3682 | D:6      | XOM: smoke on damage
  3687 | D:6      | Slain by a gnoll sergeant

Illustrated notes

Levels and vault maps discovered:
D:1:      minmay_arrival_nine_rooms, layout_basic, feat_on_display
D:2:      layout_rooms, basic_altar, kennysheep_generic_room_9
D:3:      layout_loops_ring, eat_drink_and_be_merry_uskayaw,
          hangedman_ru_absence, nicolae_shop_unique_rings, uniq_sigmund
D:4:      layout_basic, minmay_snake_closets
D:5:      layout_gridville, mainiacjoe_overflow_24_doors, serial_shops,
          nicolae_shop_just_a_little_nook, wad_rectangle_vault
D:6:      layout_rooms, grunt_gozag_statues, lemuel_tele_altar,
          grunt_dithmenos_shadows, minmay_temple_entry_offerings, uniq_edmund

Skill      XL: |  1  2  3  4  5  6  7  8 |
---------------+-------------------------+-----
Invocations    | 1 2 3 |  3.7
Short Blades   | 1 2 3 |  3.4
Long Blades    | 1 2 3 |  3.4
Maces & Flails | 1 2 3 |  3.4
Polearms       | 1 2 3 |  3.4
Staves         | 1 2 3 |  3.4
Ranged Weapons | 1 2 3 |  3.4
Throwing       | 1 2 3 |  3.4
Stealth        | 1 2 3 |  3.4
Shields        | 1 2 3 |  3.4
Unarmed Combat | 1 2 3 |  3.4
Spellcasting   | 1 2 3 |  3.4
Evocations     | 1 2 3 |  3.4
Shapeshifting  | 1 2 3 |  3.1
Conjurations   | 1 2 |  2.7
Hexes          | 1 2 |  2.7
Summonings     | 1 2 |  2.7
Necromancy     | 1 2 |  2.7
Translocations | 1 2 |  2.7
Fire Magic     | 1 2 |  2.7
Ice Magic      | 1 2 |  2.7
Air Magic      | 1 2 |  2.7
Earth Magic    | 1 2 |  2.7
Alchemy        | 1 2 |  2.7
Armour         | 5 |  5.7
Dodging        | 3 4 |  4.3
Fighting       | 7 |  7.4
Axes           | 7 |  7.4

Action                     |  1- 3 |  4- 6 |  7- 9 || total
---------------------------+-------+-------+-------++-------
  Melee: Hand axe          |    84 |    88 |     4 ||   176
         Bite              |     8 |     5 |    14 ||    27
         Punch             |     1 |     2 |     1 ||     4
         War axe           |       |       |   123 ||   123
  Throw: Javelin           |       |    31 |    19 ||    50
   Cast: Foxfire           |       |     2 |     2 ||     4
         Call Canine Famil |       |       |     1 ||     1
    Use: Scroll            |     4 |     4 |     4 ||    12
         Potion            |       |       |     2 ||     2
   Stab: Confused          |       |     1 |       ||     1
         Sleeping          |       |     1 |     3 ||     4
 Armour: Leather armour    |    52 |    72 |   136 ||   260
  Dodge: Dodged            |    66 |    82 |   131 ||   279
